 Dungeon Crawl Stone Soup version 0.31-a0-102-g33a4ccc0cb (webtiles) character file.

Game seed: 12219211384807495679

8492 Drazool the Basher (level 11, -1/100 HPs)
             Began as an Armataur Fighter on May 26, 2023.
             Was a Believer of Wu Jian.
             Slain by a sun demon (14 damage)
             ... summoned by a kobold demonologist
             ... on level 9 of the Dungeon.
             The game lasted 00:23:03 (8935 turns).

Drazool the Basher (Armataur Fighter)               Turns: 8935, Time: 00:23:03

Health: -1/100     AC: 19    Str: 27    XL:     11   Next: 10%
Magic:  11/11      EV:  7    Int:  8    God:    Wu Jian [**....]
Gold:   417        SH:  4    Dex:  9    Spells: 10/10 levels left

rFire   . . .        a - +1 flail (heavy)
rCold   + . .        C - +0 buckler
rNeg    . . .        u - +0 steam dragon scales
rPois   +            (no helmet)
rElec   .            e - +1 cloak
rCorr   .            (no gloves)
SInv    .            o - +2 barding {rC+}
Will    .....        (no amulet)
Stlth   +            T - +4 ring of protection
HPRegen 0.36/turn    P - ring of poison resistance
MPRegen 0.12/turn

%: roll
@: no status effects
A: large, rugged brown scales 3, deformed body, armoured tail, roll, long
tongue, awkward tongue
a: Renounce Religion, Wall Jump


You were on level 9 of the Dungeon.
You worshipped Wu Jian.
Wu Jian was pleased with you.
You visited 2 branches of the dungeon, and saw 10 of its levels.

You collected 417 gold pieces.


Innate Abilities, Weirdness & Mutations

You are completely covered in rugged brown scales. (AC +3, +7% HP)
Armour fits poorly on your strangely shaped body.
You have a long armoured tail.
You roll when moving toward enemies. (Rampage)
Your long tongue fully drains potion bottles. (2x potion effects)
Your tongue gives you trouble enunciating. (1.5x scroll delay)


   Skills:
 - Level 8.0 Fighting
 - Level 14.0 Maces & Flails
 + Level 3.8 Armour
 - Level 3.2 Shields


You had 10 spell levels left.
You didn't know any spells.
Your spell library contained the following spells:

 Spells                   Type           Power      Damage    Failure   Level
 Magic Dart               Conj           0%         1d3       45%         1
 Call Imp                 Summ           0%         N/A       61%         2
 Call Canine Familiar     Summ           0%         N/A       83%         3
 Mephitic Cloud           Conj/Pois/Air  0%         N/A       83%         3
 Portal Projectile        Hex/Tloc       0%         N/A       83%         3
 Leda's Liquefaction      Hex/Erth       0%         N/A       99%         4

Inventory:

Hand Weapons
 a - a +1 heavy flail (weapon)
Missiles
 p - 15 poisoned darts (quivered)
 E - 2 javelins
Armour
 b - a +0 scale mail
 e - a +1 cloak (worn)
 o - a +2 barding of cold resistance (worn)
 t - the +0 ring mail "Siotwah" {rPois}
   (You found it on level 4 of the Dungeon)

   rPois:     It protects you from poison.
 u - +0 steam dragon scales (worn)
 w - +0 ice dragon scales
 C - a +0 buckler (worn)
Jewellery
 c - a ring of protection from cold
 v - a ring of see invisible
 P - a ring of poison resistance (right hand)
 T - a +4 ring of protection (left hand)
Wands
 m - a wand of iceblast (10)
 x - a wand of polymorph (9)
 A - a wand of mindburst (16)
Scrolls
 f - 3 scrolls of amnesia
 h - 2 scrolls of enchant weapon
 i - 3 scrolls of teleportation {@r2}
 n - a scroll of blinking
 y - 2 scrolls of immolation
 D - a scroll of fear
 F - a scroll of magic mapping
Potions
 d - a potion of might
 g - 3 potions of enlightenment
 j - 2 potions of curing {@q1}
 k - a potion of haste {@q3}
 l - a potion of invisibility {unknown}
 q - a potion of lignification
 r - 2 potions of ambrosia
 s - 2 potions of heal wounds {@q2}
 B - a potion of degeneration {unknown}

Dungeon Overview and Level Annotations

Branches:
Dungeon (9/15)             Temple (1/1) D:6
   Lair: D:8-11         Orc: D:9-12

Altars:
Ashenzari
Cheibriados
Dithmenos
Elyvilon
Fedhas
Gozag
Hepliaklqana
Kikubaaqudgha
Makhleb
Nemelex Xobeh
Okawaru
Qazlal
Ru
Sif Muna
Trog
Uskayaw
Vehumet
Wu Jian
Xom
Yredelemnul
Zin
The Shining One

Shops:
D:6 :

Annotations:
D:8 1 runed translucent door, edwardauron's ghost, novice DsFi

.........'....#.......#
.........######.......#
#+######## #.......#
######+## #..# #####.##
####+ #......#
....5K#########......#
....KK3@.............###
.....K#########.........
..... #....).### ....
#...^..# ### #......#
#......# #......#
########


You could see a sun demon (summoned), a kobold demonologist, a white imp
(summoned) and 3 kobolds.


Message History

You bludgeon the sun demon!!
You tail-slap the sun demon, but do no damage.
The sun demon is heavily wounded.
The sun demon hits you but does no damage.
You barely miss the sun demon. You tail-slap the sun demon.
The sun demon is severely wounded.
You block the sun demon's attack.
You barely miss the sun demon.
Your tail-slap misses the sun demon.
The sun demon is severely wounded.
The sun demon hits you!
* * * LOW HITPOINT WARNING * * *
You are engulfed in flames!
* * * LOW HITPOINT WARNING * * *
The kobold demonologist mumbles some strange words.
The sun demon hits you but does no damage.
You barely miss the sun demon. You tail-slap the sun demon!
The sun demon is almost dead.
You block the sun demon's attack.
The kobold demonologist looks satisfied for a moment.
Unknown command.
You hit the sun demon but do no damage.
Your tail-slap misses the sun demon.
The sun demon is almost dead.
You block the sun demon's attack.
Unknown command.
You barely miss the sun demon.
Your tail-slap misses the sun demon.
The sun demon is almost dead.
The sun demon hits you!
* * * LOW HITPOINT WARNING * * *
You are engulfed in flames!
You die...

Skill      XL: |  1  2  3  4  5  6  7  8  9 10 11 |
---------------+----------------------------------+-----
Maces & Flails | 2 3 4 5 7 9 11 13 14 | 14.0
Fighting       | 7 8 |  8.0
Armour         | |  3.8
Shields        | |  3.2

Action                     |  1- 3 |  4- 6 |  7- 9 | 10-12 || total
---------------------------+-------+-------+-------+-------++-------
  Melee: Flail             |    99 |   134 |   241 |   177 ||   651
         Tailslap          |    13 |    13 |    22 |    23 ||    71
Ability: Whirlwind         |       |       |     3 |     1 ||     4
  Evoke: Wand              |     2 |       |     2 |     3 ||     7
    Use: Scroll            |     2 |       |    12 |     2 ||    16
         Potion            |       |       |     5 |     1 ||     6
   Stab: Sleeping          |       |       |       |     1 ||     1
 Armour: Scale mail        |    40 |    38 |    36 |       ||   114
         Steam dragon scal |       |       |   130 |   101 ||   231
  Dodge: Dodged            |    18 |    34 |    85 |    47 ||   184
  Block: Buckler           |    20 |    18 |    45 |    24 ||   107

Levels and vault maps discovered:
D:1:      sevenhm_arrival_forest_fort_small_4, layout_basic
D:2:      layout_basic, shapermc_ecumenical_altar_hornbeckon, dk_noncrumbling_4
D:3:      minmay_diamond_boxcup, layout_loops_ring,
          nicolae_dithmenos_the_darkroom, uniq_jessica
D:4:      layout_basic, xom_teletrap_fun
D:5:      layout_rooms
D:6:      layout_basic, mainiacjoe_overflow_alcove_3, cheibrodos_worm_habitat,
          minmay_temple_entry_grid, serial_shops, kennysheep_little_box
D:7:      layout_basic, solitary_fountain, serial_bayou_lagoon_b,
          uniq_prince_ribbit1, uniq_pikel
D:8:      wad_woods_tower, layout_basic, grunt_qazlal_sundering,
          mainiacjoe_overflow_alcove_1, ebering_ghost_reflecting_pool
D:9:      layout_roguey, lemuel_round_altar, uniq_psyche
Temple:   nicolae_temple_slightly_damp_pantheon

Notes
Turn   | Place    | Note
-------+----------+-------------------------------------------
     0 | D:1      | Drazool the Armataur Fighter began the quest for the Orb.
     0 | D:1      | Reached XP level 1. HP: 19/19 MP: 1/1
    75 | D:1      | Reached skill level 2 in Maces & Flails
   270 | D:1      | Reached XP level 2. HP: 26/26 MP: 2/2
   561 | D:1      | Reached skill level 3 in Maces & Flails
   819 | D:2      | Reached XP level 3. HP: 32/32 MP: 3/3
  1136 | D:2      | Identified the +9 long sword of Lies {antimagic, rF- rC++}
  1265 | D:2      | Found a faded altar of an unknown god.
  1413 | D:3      | You fall into a shaft and drop 1 floor!
  1428 | D:4      | Noticed a black bear
  1435 | D:4      | Killed a black bear
  1436 | D:4      | Reached skill level 4 in Maces & Flails
  1436 | D:4      | Reached XP level 4. HP: 39/39 MP: 4/4
  1525 | D:4      | Reached skill level 5 in Maces & Flails
  1525 | D:4      | Reached XP level 5. HP: 26/44 MP: 5/5
  1721 | D:4      | Found a shimmering altar of Xom.
  1941 | D:4      | Noticed a phantom
  1946 | D:4      | Reached XP level 6. HP: 32/53 MP: 6/6
  1957 | D:4      | Reached skill level 6 in Maces & Flails
  2360 | D:4      | Identified the +0 ring mail "Siotwah" {rPois}
  2779 | D:3      | Noticed Jessica
  2785 | D:3      | Killed Jessica
  2822 | D:3      | Found a shadowy altar of Dithmenos.
  3033 | D:3      | Reached skill level 7 in Maces & Flails
  3213 | D:3      | Reached XP level 7. HP: 59/59 MP: 7/7
  3408 | D:5      | Entered Level 5 of the Dungeon
  3427 | D:5      | Identified a scroll of acquirement
  3427 | D:5      | Acquired a +2 barding of cold resistance
  3444 | D:5      | Noticed a hornet
  3451 | D:5      | Paralysed by a hornet for 3 turns
  3453 | D:5      | Killed a hornet
  3595 | D:5      | Reached skill level 8 in Maces & Flails
  4087 | D:6      | Noticed a steam dragon
  4098 | D:6      | Killed a steam dragon
  4099 | D:6      | Reached skill level 9 in Maces & Flails
  4099 | D:6      | Reached XP level 8. HP: 38/66 MP: 8/8
  4321 | D:6      | Found Jadeacreac's Book Shop.
  4536 | D:6      | Found a staircase to the Ecumenical Temple.
  4544 | Temple   | Entered the Ecumenical Temple
  4730 | Temple   | Became a worshipper of the Wu Jian Council
  5218 | D:6      | Found an ancient bone altar of Kikubaaqudgha.
  5219 | D:6      | Found an opulent altar of Gozag.
  5220 | D:6      | Found a hide-covered altar of Uskayaw.
  5221 | D:6      | Found a bloodstained altar of Trog.
  5429 | D:6      | Found a snail-covered altar of Cheibriados.
  5513 | D:6      | Reached skill level 10 in Maces & Flails
  5802 | D:7      | Noticed Pikel
  6002 | D:6      | Killed Pikel
  6003 | D:6      | Reached skill level 11 in Maces & Flails
  6003 | D:6      | Reached XP level 9. HP: 66/72 MP: 9/9
  6407 | D:7      | Noticed Prince Ribbit
  6410 | D:7      | Killed Prince Ribbit
  6411 | D:7      | Reached skill level 12 in Maces & Flails
  6423 | D:7      | Reached * piety under Wu Jian
  7077 | D:8      | Found a stormy altar of Qazlal.
  7135 | D:8      | Reached skill level 13 in Maces & Flails
  7206 | D:8      | Noticed an elephant
  7215 | D:8      | Killed an elephant
  7216 | D:8      | Reached XP level 10. HP: 66/79 MP: 10/10
  7432 | D:8      | Reached skill level 14 in Maces & Flails
  7549 | D:8      | Reached skill level 3 in Fighting
  7566 | D:8      | Noticed an elephant
  7572 | D:8      | Killed an elephant
  7573 | D:8      | Reached skill level 4 in Fighting
  7687 | D:8      | Noticed an elephant
  7697 | D:8      | Killed an elephant
  7756 | D:8      | Found a runed translucent door.
  7761 | D:8      | Noticed edwardauron's ghost (novice DsFi)
  7816 | D:8      | Reached skill level 5 in Fighting
  8074 | D:8      | Noticed an elephant
  8088 | D:8      | Killed an elephant
  8089 | D:8      | Reached skill level 6 in Fighting
  8169 | D:8      | Found a glowing silver altar of Zin.
  8508 | D:9      | Reached ** piety under Wu Jian
  8575 | D:9      | Reached skill level 7 in Fighting
  8713 | D:9      | Noticed Psyche
  8723 | D:9      | Killed Psyche
  8724 | D:9      | Reached XP level 11. HP: 76/98 MP: 11/11
  8819 | D:9      | Found a sacrificial altar of Ru.
  8917 | D:9      | Noticed a sixfirhy
  8923 | D:9      | Noticed a sun demon
  8927 | D:9      | Reached skill level 8 in Fighting
  8935 | D:9      | Slain by a sun demon

Vanquished Creatures
  Pikel (D:6)
  4 elephants (D:8)
  Psyche (D:9)
  2 kobold demonologists (D:9)
  2 trolls (D:8)
  3 hornets
  Prince Ribbit (D:7)
  A wyvern (D:8)
  5 yaks (D:8)
  A wraith (D:9)
  3 steam dragons
  2 orc warriors
  An ice beast (D:5)
  2 sky beasts
  A black bear (D:4)
  3 ogres
  A phantom (D:4)
  A kobold brigand (D:9)
  A gnoll sergeant (D:7)
  3 bullfrogs
  A scorpion (D:6)
  17 wights
  6 killer bees
  An electric eel (D:7)
  3 howler monkeys (D:7)
  3 hounds
  4 jellies
  An orc priest (D:3)
  6 iguanas
  Jessica (D:3)
  2 orc wizards
  9 gnolls
  8 adders
  A shadow imp (D:6)
  2 white imps
  An ufetubus (D:6)
  2 worms
  2 dart slugs
  17 orcs
  5 bats
  10 endoplasms
  4 giant cockroaches
  13 goblins
  7 hobgoblins
  2 quokkas
  8 ball pythons
  2 frilled lizards
  13 kobolds
  5 rats
195 creatures vanquished.

Table legend: (Time is in decaauts)
 A = Elapsed time spent in this place.
 B = Non-inter-level travel time spent in this place.
 C = Inter-level travel time spent in this place.
 D = Time resting spent in this place.
 E = Time spent auto-exploring this place.
 F = Levels seen in this place.
 G = Mean time per level.
                   A        B        C        D        E       F      G
               +--------+--------+--------+--------+--------+-----+--------+
         Total |   9061 |   8799 |    262 |    495 |   6606 |  10 |  906.1 |
       Dungeon |   8864 |   8612 |    252 |    495 |   6452 |   9 |  984.9 |
        Temple |    196 |    186 |     10 |      0 |    154 |   1 |  196.0 |
               +--------+--------+--------+--------+--------+-----+--------+

Top non-repeatable levels by time:
     D:6: 1641 daAuts
     D:4: 1287 daAuts
     D:7: 1224 daAuts
     D:8: 1194 daAuts
     D:3: 828 daAuts
     D:1: 762 daAuts
     D:9: 674 daAuts
     D:2: 636 daAuts
     D:5: 616 daAuts
  Temple: 196 daAuts

Table legend:
 A = Non-vault XP
 B = Vault XP
 C = Vault XP percentage of total XP
 D = Non-vault monster count
 E = Vault monster count
 F = Vault count percentage of total count
                 A         B        C        D         E       F
            +---------+---------+-------+---------+---------+-------
      Total |    8258 |    3874 |  31.9 |     176 |      19 |   9.7
            +---------+---------+-------+---------+---------+-------
        D:1 |      38 |       0 |   0.0 |      22 |       0 |   0.0
        D:2 |      20 |       0 |   0.0 |      12 |       0 |   0.0
        D:3 |     127 |      56 |  30.6 |      24 |       9 |  27.3
        D:4 |     498 |       0 |   0.0 |      20 |       0 |   0.0
        D:5 |     666 |       0 |   0.0 |      11 |       0 |   0.0
        D:6 |     903 |     646 |  41.7 |      18 |       2 |  10.0
        D:7 |    1503 |     259 |  14.7 |      23 |       1 |   4.2
        D:8 |    2237 |    2530 |  53.1 |      20 |       6 |  23.1
        D:9 |    2266 |     383 |  14.5 |      26 |       1 |   3.7
            +---------+---------+-------+---------+---------+-------
